 Dungeon Crawl Stone Soup version 0.14-a0-2644-gcc8e764 (webtiles) character file.

37747 HollowCharge the Swashbuckler (level 13, -10/154 HPs)
             Began as a Vampire Gladiator on Feb 16, 2014.
             Was a Priest of Ashenzari.
             Killed by dispel undead
             ... invoked by Econoterrorist's ghost
              (29 damage)
             ... on Level 7 of the Lair of Beasts.
             The game lasted 02:53:21 (30647 turns).

HollowCharge the Swashbuckler (Vampire Gladiator)  Turns: 30647, Time: 02:53:21

HP -10/154       AC 32     Str 14      XL: 13   Next: 56%
MP   0/13        EV  1     Int 12      God: Ashenzari [***...]
Gold 597         SH  0     Dex 18      Spells:  0 memorised, 12 levels left

rFire  + . .     SeeInvis +     L - +4 elf dagger (protect) (curse)
rCold  + . .     Clarity  +     H - melded +2 robe {rC+} (curse)
rNeg   + + +     Conserve .     (no shield)
rPois  +         rCorr    .     c - +0 helmet (curse)
rElec  +         rRot     .     (cloak currently unavailable)
SustAb + .       Spirit   +     (gloves currently unavailable)
rMut   .         Warding  .     j - melded +2 pair of boots {Fly} (curse)
Saprov . . .     NoTele   +     k - amulet of guardian spirit
MR     ++...                    g - +5 ring of evasion
                                B - ring of Pnoeceir {SustAb Contam}

@: tree-form, very resistant to hostile enchantments, incredibly stealthy
A: bottle blood, (fangs 0), (iridescent scales 0), see invisible, clever 1,
magic resistance 1, (unbreathing)
a: Bat Form, Bottle Blood, Renounce Religion


You were on level 7 of the Lair of Beasts.
You worshipped Ashenzari.
Ashenzari was most pleased with you.
You were not thirsty.
You were an animated tree.
You visited 2 branches of the dungeon, and saw 19 of its levels.

You collected 986 gold pieces.
You spent 389 gold pieces at shops.

Inventory:

Hand weapons
 I - a +1,+3 orcish short sword of freezing
 L - a cursed +4,+4 elven dagger of protection (weapon)
Armour
 c - a cursed +0 helmet (worn)
 j - a cursed +2 pair of boots of flying (melded)
 w - the +1 shield "Chuott" {rF+}
   (You found it on level 6 of the Dungeon)

   It protects you from fire.
 H - a cursed +2 robe of cold resistance (melded)
Magical devices
 b - a wand of disintegration (13)
 m - a wand of lightning (1)
 u - a wand of flame (6)
 J - a wand of random effects (7)
Scrolls
 e - 3 scrolls of curse armour
 h - a scroll of enchant armour
 i - 2 scrolls of fear
 n - a scroll of summoning {unknown}
 p - a scroll of torment
 q - 3 scrolls of enchant weapon I
 t - 3 scrolls of magic mapping
 v - 5 scrolls of remove curse
 z - a scroll of fog
 A - 2 scrolls of teleportation
 E - 2 scrolls of enchant weapon II
 M - 2 scrolls of identify
Jewellery
 g - a +5 ring of evasion (right branch)
 k - an amulet of guardian spirit (around neck)
 s - an uncursed ring of poison resistance
 B - the ring of Pnoeceir (left branch) {SustAb Contam}
   (You found it on level 7 of the Dungeon)

   [ring of sustain abilities]

   It causes magical contamination when unequipped.
 C - an uncursed ring of protection from cold
Potions
 a - 7 potions of curing
 d - a potion of magic {unknown}
 f - a potion of cure mutation
 l - 3 potions of restore abilities
 o - 3 potions of brilliance
 r - a potion of mutation
 F - a potion of paralysis {unknown}
 G - a potion of flight {unknown}
Books
 D - a book of Battle

   Spells                             Type                      Level
   Infusion                           Charms                       1
   Shroud of Golubria                 Charms/Translocation         2
   Song of Slaying                    Charms                       2
   Spectral Weapon                    Hexes/Charms                 3
   Regeneration                       Charms/Necromancy            3
Miscellaneous
 y - a fan of gales


   Skills:
 + Level 10.0 Fighting
 * Level 15.8(18.2) Short Blades
 - Level 1.5 Throwing
 + Level 5.8 Armour
 + Level 11.9(13.5) Dodging
 - Level 12.0(13.6) Stealth


You had 12 spell levels left.
You didn't know any spells.

Dungeon Overview and Level Annotations

Branches:
Dungeon (12/16)            Temple (0/1) D:4             Orc (0/4) D:11
   Lair (7/8) D:10          Swamp (0/5) Lair:4       Spider (0/5) Lair:3
  Slime: Lair:6-8

Altars:
Ashenzari
Cheibriados
Dithmenos
Fedhas
Nemelex Xobeh
Sif Muna
Trog
Xom
Yredelemnul
Zin

Shops:
D:8 [?*

Annotations:
Lair:7 Econoterrorist's ghost, powerful SpEn


Innate Abilities, Weirdness & Mutations

You can bottle blood from corpses.
((You have razor-sharp teeth.))*
You have supernaturally acute eyesight.
((You can survive without breathing.))*
((You are partially covered in iridescent scales (AC +4).))*
Your mind is acute. (Int +2)
You are resistant to hostile enchantments.+


Message History

The hound bites you but does no damage.
You puncture the hound!
You kill the hound!
Econoterrorist's ghost hits you but does no damage.
You hit Econoterrorist's ghost but do no damage.
Econoterrorist's ghost is lightly damaged.
Econoterrorist's ghost gestures at you while chanting.
You resist with almost no effort.
You barely miss Econoterrorist's ghost.
Econoterrorist's ghost is lightly damaged.
Econoterrorist's ghost screams at you, "You cannot imagine the pain and torment in store for you!"
Econoterrorist's ghost hits you but does no damage.
It'd take too long for a potion to reach your roots.
You miss Econoterrorist's ghost.
Econoterrorist's ghost is lightly damaged.
You hit Econoterrorist's ghost.
Econoterrorist's ghost is lightly damaged.
Econoterrorist's ghost casts a spell at you.
You convulse!
You die...

...............# # * , ,
..................f..
...................f.. ,
.......................
........P..............>,
,
.f..+#.P.#P.....#.......
........................
,
............<.#.%p....P..
................♣%.).....
,
.........................
........................,
....#..#...#.####.##...#
#.#########.## ##* ### ##
### ,


You could see Econoterrorist's ghost (invisible).

Vanquished Creatures
  5 hydras
  Josephine (D:11)
  A hill giant (D:10)
  A giant amoeba (D:10)
  A griffon (Lair:6)
  A cyclops (D:11)
  An octopode (D:10)
  9 elephants
  A spriggan druid (Lair:5)
  7 black mambas
  A feature mimic (Lair:3)
  12 spiny frogs
  A fire drake (Lair:3)
  3 komodo dragons
  A deep elf priest (D:8)
  A troll (D:11)
  Prince Ribbit (D:7)
  8 blink frogs (Lair:5)
  A trapdoor spider zombie (D:11)
  A shadow (D:11)
  2 grizzly bears
  A baby alligator (Lair:4)
  26 yaks
  A formicid (D:10)
  A wyvern (D:10)
  An elephant slug (Lair:6)
  4 sharks (Lair:1)
  5 hippogriffs
  A hill giant skeleton (D:11)
  2 hungry ghosts
  Edmund (D:4)
  13 wolves
  A mottled dragon (D:11)
  A necrophage (D:8)
  6 porcupines
  7 giant goldfish
  4 black bears
  6 sky beasts
  4 orc warriors
  4 phantoms
  A yellow wasp (Lair:3)
  2 crocodiles (Lair:2)
  5 ice beasts
  8 ogres
  Sigmund (D:4)
  A big kobold (D:11)
  6 centaurs
  9 water moccasins
  2 giant slugs
  4 agate snails
  9 giant frogs
  A cyclops zombie (D:11)
  An eye of draining (D:10)
  3 killer bees (D:10)
  2 jellyfish (Lair:1)
  3 wights (D:9)
  5 electric eels
  A goliath beetle (Lair:3)
  A yellow wasp zombie (D:11)
  6 crimson imps
  A giant frog zombie (D:11)
  A big fish (Lair:1)
  A scorpion (D:8)
  11 hounds
  2 centaur zombies
  A giant frog skeleton (D:11)
  5 orc priests
  A quasit (D:7)
  8 iguanas
  3 jellies
  An orange rat (D:7)
  14 orc wizards
  17 worker ants
  A killer bee zombie (D:7)
  Jessica (D:3)
  An ogre zombie (D:9)
  2 hound skeletons (D:11)
  A worker ant zombie (D:7)
  28 green rats
  19 adders
  4 giant centipedes
  2 orc skeletons
  6 giant mites
  5 gnolls
  An inept item mimic (D:6)
  3 worms
  An orc zombie (D:11)
  An adder skeleton (D:7)
  2 giant eyeballs
  An ooze (D:5)
  48 orcs
  20 bats
  2 bat skeletons
  4 grey rats (D:7)
  16 hobgoblins
  35 jackals
  10 quokkas
  A ball python (D:1)
  8 giant cockroaches
  10 giant geckos
  8 giant newts
  17 goblins
  20 kobolds
  A kobold skeleton (D:4)
  24 rats
  A rat skeleton (D:5)
590 creatures vanquished.

Vanquished Creatures (others)
  An orc (D:6)
  A hobgoblin (D:7)
  A bush (D:8)
  3 fungi (Lair:4)
6 creatures vanquished.

Grand Total: 596 creatures vanquished

Notes
Turn   | Place    | Note
--------------------------------------------------------------
     0 | D:1      | HollowCharge, the Vampire Gladiator, began the quest for the Orb.
     0 | D:1      | Reached XP level 1. HP: 16/16 MP: 1/1
   291 | D:1      | Reached XP level 2. HP: 15/22 MP: 2/2
   310 | D:1      | Reached skill level 1 in Stealth
  1050 | D:1      | Reached XP level 3. HP: 27/27 MP: 3/3
  1213 | D:2      | Found a snail-covered altar of Cheibriados.
  1818 | D:3      | Reached skill level 4 in Short Blades
  1992 | D:3      | Noticed Jessica
  2006 | D:3      | Killed Jessica
  2006 | D:3      | Reached XP level 4. HP: 30/34 MP: 4/4
  2028 | D:3      | Found a shattered altar of Ashenzari.
  2040 | D:3      | Became a worshipper of Ashenzari the Shackled
  4295 | D:2      | Gained mutation: Your mind is acute. (Int +2) [potion of beneficial mutation]
  4665 | D:3      | Reached XP level 5. HP: 29/39 MP: 5/5
  5026 | D:4      | Noticed Edmund
  6228 | D:4      | Noticed an ogre
  6427 | D:4      | Noticed Sigmund
  6468 | D:4      | Killed Sigmund
  6468 | D:4      | Reached skill level 5 in Short Blades
  6468 | D:4      | Reached XP level 6. HP: 26/47 MP: 3/6
  6680 | D:4      | Found a staircase to the Ecumenical Temple.
  6834 | D:4      | HP: 1/47 [Edmund/dire flail (10)]
  6836 | D:4      | Killed Edmund
  7457 | D:4      | Noticed an ogre
  7484 | D:5      | Entered Level 5 of the Dungeon
  7857 | D:5      | Reached skill level 6 in Short Blades
  7857 | D:5      | Reached skill level 5 in Stealth
  7857 | D:5      | Reached XP level 7. HP: 45/53 MP: 7/7
  7946 | D:5      | Reached skill level 5 in Dodging
  8915 | D:5      | Reached skill level 7 in Short Blades
  9048 | D:5      | Reached XP level 8. HP: 60/60 MP: 8/8
  9400 | D:6      | Found a snail-covered altar of Cheibriados.
 10518 | D:6      | Reached skill level 8 in Short Blades
 10587 | D:6      | Got the uncursed shield "Chuott" {rF+}
 10594 | D:6      | Identified the +1 shield "Chuott" {rF+} (You found it on level 6 of the Dungeon)
 10765 | D:6      | Found a basalt altar of Yredelemnul.
 10768 | D:6      | Found a shadowy altar of Dithmenos.
 10768 | D:6      | Found a deep blue altar of Sif Muna.
 10768 | D:6      | Found a sparkling altar of Nemelex Xobeh.
 10888 | D:5      | Reached skill level 5 in Fighting
 11272 | D:7      | Reached XP level 9. HP: 60/68 MP: 9/9
 11284 | D:7      | Got an uncursed slimy lead ring
 11597 | D:7      | Identified the ring of Pnoeceir {SustAb Contam} (You found it on level 7 of the Dungeon)
 12150 | D:7      | Reached skill level 9 in Short Blades
 12321 | D:7      | Found a glowing silver altar of Zin.
 12324 | D:7      | Noticed an angel
 12327 | D:7      | Found a shimmering altar of Xom.
 12515 | D:7      | Found a bloodstained altar of Trog.
 12701 | D:7      | Identified a scroll of acquirement
 12766 | D:7      | Noticed Prince Ribbit
 12770 | D:7      | Killed Prince Ribbit
 13308 | D:8      | Found Streokh's Armour Emporium.
 13324 | D:8      | Bought a +2 robe of cold resistance for 243 gold pieces
 13352 | D:8      | Gained mutation: You are partially covered in iridescent scales (AC +4). [potion of mutation]
 13352 | D:8      | Gained mutation: You are resistant to hostile enchantments. [potion of mutation]
 13430 | D:8      | Reached skill level 10 in Short Blades
 13539 | D:8      | Found a blossoming altar of Fedhas.
 13937 | D:8      | Found a basalt altar of Yredelemnul.
 13947 | D:8      | Reached skill level 10 in Stealth
 13947 | D:8      | Reached XP level 10. HP: 62/74 MP: 10/10
 14106 | D:8      | Found Lycviy's Magic Scroll Shoppe.
 14110 | D:8      | Bought a scroll of enchant weapon I for 71 gold pieces
 14110 | D:8      | Bought a scroll of identify for 26 gold pieces
 14110 | D:8      | Bought a scroll of identify for 26 gold pieces
 14182 | D:8      | Found Xeiwoeti's Assorted Antiques.
 14188 | D:8      | Bought a slimy blue potion for 23 gold pieces
 15118 | D:9      | Reached skill level 11 in Short Blades
 15830 | D:10     | Entered Level 10 of the Dungeon
 15835 | D:10     | Noticed a hill giant
 15842 | D:10     | Killed a hill giant
 15911 | D:10     | Noticed a hill giant
 16683 | D:10     | Noticed an octopode
 16725 | D:10     | Killed an octopode
 16725 | D:10     | Reached XP level 11. HP: 19/83 MP: 1/11
 16951 | D:10     | Noticed a giant amoeba
 16951 | D:10     | a hill giant changed into a giant amoeba
 16975 | D:10     | Killed a giant amoeba
 16975 | D:10     | Reached skill level 12 in Short Blades
 17357 | D:10     | Found a staircase to the Lair.
 19071 | D:11     | Noticed a six-headed hydra
 19270 | D:11     | Found a staircase to the Orcish Mines.
 19354 | D:12     | Noticed a skeletal warrior
 19356 | D:12     | Noticed a skeletal warrior
 19421 | D:11     | Reached skill level 1 in Armour
 19512 | D:11     | Killed a six-headed hydra
 19688 | D:11     | Noticed Josephine
 19778 | D:11     | Killed Josephine
 19898 | D:11     | Reached skill level 13 in Short Blades
 20419 | D:10     | Reached skill level 10 in Dodging
 20494 | Lair:1   | Entered Level 1 of the Lair of Beasts
 21586 | Lair:1   | Reached XP level 12. HP: 93/93 MP: 12/12
 22669 | Lair:2   | Reached skill level 14 in Short Blades
 24080 | Lair:3   | Found a hole to the Spider Nest.
 24806 | Lair:4   | Noticed an eight-headed hydra
 24810 | Lair:4   | Killed an eight-headed hydra
 25923 | Lair:4   | Acquired Ashenzari's first power
 25923 | Lair:4   | Noticed a five-headed hydra
 25959 | Lair:4   | Killed a five-headed hydra
 26348 | Lair:4   | Noticed an eight-headed hydra
 26376 | Lair:4   | Killed an eight-headed hydra
 26702 | Lair:4   | Found a staircase to the Swamp.
 27449 | Lair:5   | Reached skill level 15 in Short Blades
 27503 | Lair:5   | Reached skill level 5 in Armour
 27503 | Lair:5   | Reached XP level 13. HP: 61/101 MP: 10/13
 28919 | Lair:6   | Found a labyrinth entrance.
 29342 | Lair:6   | Acquired Ashenzari's second power
 30217 | Lair:7   | Reached skill level 10 in Fighting
 30609 | Lair:7   | Noticed Econoterrorist's ghost (powerful SpEn)
 30647 | Lair:7   | Killed from afar by Econoterrorist's ghost

Action                   |  1- 3 |  4- 6 |  7- 9 | 10-12 | 13-15 || total
-------------------------+-------+-------+-------+-------+-------++-------
Melee: Short sword       |   166 |    11 |       |       |       ||   177
       Dagger            |       |   272 |   882 |  2997 |   898 ||  5049
Throw: Throwing net      |       |     2 |     2 |     9 |       ||    13
 Abil: End Transformatio |       |     1 |     1 |       |       ||     2
       Bat Form          |       |     1 |     1 |       |       ||     2
       Bottle Blood      |       |       |       |     2 |       ||     2
Evoke: Wand              |       |       |     5 |    32 |     2 ||    39
  Use: Scroll            |     2 |    12 |     9 |    20 |       ||    43
       Potion            |       |    12 |     4 |     7 |     2 ||    25
 Stab: Sleeping          |     1 |     6 |    14 |    52 |    15 ||    88
       Distracted        |       |     1 |     2 |     5 |     1 ||     9
       Held in net/web   |       |       |       |     5 |       ||     5
       Fleeing           |       |       |       |     1 |       ||     1
